 Dungeon Crawl Stone Soup version 0.30-a0-845-g7c6808c8ce (webtiles) character file.

Game seed: 18190110295308991380

105 Duck the Ruffian (level 4, -2/58 (67) HPs)
             Began as a Troll Berserker on Mar 2, 2023.
             Was a Believer of Trog.
             Slain by a wight
             ... wielding a +3 long sword of freezing
              (11 damage)
             ... on level 3 of the Dungeon.
             The game lasted 00:07:00 (1798 turns).

Duck the Ruffian (Troll Berserker)                  Turns: 1798, Time: 00:07:00

HP:   -2/58 (67)    AC:  5    Str: 27    XL:     4   Next: 54%
MP:   3/3           EV: 10    Int:  3    God:    Trog [**....]
Gold: 159           SH:  0    Dex:  9    Spells: 3/3 levels left

rFire   . . .      SeeInvis +      - Unarmed
rCold   . . .      Faith    .    (no shield)
rNeg    . . .      Spirit   .    a - +1 animal skin
rPois   .          Reflect  .    (helmet restricted)
rElec   .          Rampage  .    (no cloak)
rCorr   .                        (gloves unavailable)
Will    .....                    (boots unavailable) Stlth
                                 e - amulet of the acrobat
HPRegen 1.09/turn                d - ring of see invisible
MPRegen 0.08/turn                (no ring)

@: berserking, heavily drained, very quick
A: large, unfitting armour, claws 3, regeneration 1, shaggy fur 1, tough skin 1
a: Renounce Religion, Berserk, Trog's Hand


You were on level 3 of the Dungeon.
You worshipped Trog.
Trog was pleased with you.
You visited 1 branch of the dungeon, and saw 3 of its levels.

You collected 159 gold pieces.

Inventory:

Missiles
 c - a throwing net (quivered)
Armour
 a - a +1 animal skin (worn)
Jewellery
 d - a ring of see invisible (left claw)
 e - an amulet of the acrobat (around neck)
Scrolls
 f - a scroll of enchant armour
 h - 2 scrolls of identify
 j - a scroll of enchant weapon
 l - 2 scrolls of teleportation
Potions
 b - a potion of heal wounds
 g - 2 potions of invisibility
 i - a potion of curing


   Skills:
 + Level 3.2 Fighting
 - Level 2.4 Dodging
 * Level 4.7 Unarmed Combat


You had 3 spell levels left.
You didn't know any spells.
Your spell library was empty.

Dungeon Overview and Level Annotations

Branches:
Dungeon (3/15)

Altars:


Innate Abilities, Weirdness & Mutations

You are too large for most types of armour.
You have claws for hands.
Your natural rate of healing is unusually fast.
You are covered in fur. (AC +1)
You have tough skin. (AC +1)


Message History

No target in view!
Found a falchion.
A kobold comes into view. It is wielding a +0 club.
The kobold shouts!
The kobold throws a stone.
The stone misses you.
A kobold is nearby!
The kobold throws a stone.
The stone completely misses you.
You claw the kobold!
You kill the kobold!
Trog accepts your kill.
No target in view!
No target in view!
No target in view!
You now have 147 gold pieces (gained 18).
You now have 159 gold pieces (gained 12).
You open the door. 4 wights come into view.
A wight is wielding a +1 dagger of speed.
A wight is wielding a +3 long sword of freezing.
Found a stone staircase leading up.
There are monsters nearby!
The wight completely misses you.
There is an open door here.
You scratch the wight.
The wight is lightly damaged.
The wight hits you with a +1 dagger of speed.
You feel drained. The wight hits you with a +0 halberd!
You feel drained.
The wight hits you with a +3 long sword of freezing.
You feel drained. The wight freezes you.
You are too injured to fight recklessly!
You are too injured to fight recklessly!
A red film seems to cover your vision as you go berserk!
You feel yourself moving faster!
You feel mighty!
The wight hits you with a +1 dagger of speed.
* * * LOW HITPOINT WARNING * * *
You feel drained.
* * * LOW HITPOINT WARNING * * *
The wight hits you but does no damage. The wight hits you with a +0 halberd.
* * * LOW HITPOINT WARNING * * *
The wight hits you with a +3 long sword of freezing!
You die...

#.# #.# .#. #.# #.#
##.## #.# #.. #.
... #+## #.# ###
#.# #.# #...# #.#
#.# ##.## #.....
#.##### #.###...#
#...... #......
#.#.....####z......
####...
#..........@zz.....
+......
#>......####z......
####... #)......#
#...... ##.#
#.......# #..<..
### #..)....# #...#
## #####...# #+##
#. ##.## #.# #.
##.# #.# #.
##.#.#### ##.## #.


You could see 4 wights.

Vanquished Creatures
  Terence (D:2)
  An adder (D:2)
  2 worms (D:2)
  A dart slug (D:1)
  3 ball pythons (D:1)
  4 bats
  6 endoplasms
  3 giant cockroaches
  5 goblins
  4 hobgoblins (D:1)
  4 jackals (D:1)
  3 quokkas
  5 frilled lizards
  10 kobolds
  4 rats
56 creatures vanquished.

Notes
Turn   | Place    | Note
-------+----------+-------------------------------------------
     0 | D:1      | Duck the Troll Berserker began the quest for the Orb.
     0 | D:1      | Reached XP level 1. HP: 22/22 MP: 0/0
    94 | D:1      | Reached XP level 2. HP: 29/29 MP: 1/1
   464 | D:1      | Reached XP level 3. HP: 36/36 MP: 2/2
   782 | D:1      | Reached skill level 4 in Unarmed Combat
   895 | D:2      | Reached ** piety under Trog
  1207 | D:2      | Reached XP level 4. HP: 45/45 MP: 3/3
  1322 | D:2      | Noticed Terence
  1337 | D:2      | Killed Terence
  1798 | D:3      | Slain by a wight

Illustrated notes

Levels and vault maps discovered:
D:1:      evilmike_arrival_crescent, layout_loops_ring, serial_rivers,
          chequers_serial_rivers_micro_c, chequers_serial_rivers_small_a,
          chequers_serial_rivers_large_b, chequers_serial_rivers_room_b,
          chequers_serial_rivers_micro_b
D:2:      layout_basic, uniq_terence
D:3:      layout_loops_corners

Skill      XL: |  1  2  3 |
---------------+----------+-----
Unarmed Combat | 4 |  4.7
Fighting       | 3 |  3.2
Dodging        | |  2.4

Action                     |  1- 3 |  4- 6 || total
---------------------------+-------+-------++-------
  Melee: Unarmed           |   104 |    33 ||   137
         Punch             |     1 |       ||     1
 Invoke: Berserk           |     1 |     1 ||     2
    Use: Scroll            |     4 |     4 ||     8
         Potion            |     3 |       ||     3
 Armour: Animal skin       |    24 |     8 ||    32
  Dodge: Dodged            |    58 |    18 ||    76

Table legend: (Time is in decaauts)
 A = Elapsed time spent in this place.
 B = Non-inter-level travel time spent in this place.
 C = Inter-level travel time spent in this place.
 D = Time resting spent in this place.
 E = Time spent auto-exploring this place.
 F = Levels seen in this place.
 G = Mean time per level.
                   A        B        C        D        E       F      G
               +--------+--------+--------+--------+--------+-----+--------+
         Total |   1799 |   1763 |     36 |     69 |   1336 |   3 |  599.7 |
       Dungeon |   1799 |   1763 |     36 |     69 |   1336 |   3 |  599.7 |
               +--------+--------+--------+--------+--------+-----+--------+

Top non-repeatable levels by time:
     D:1: 861 daAuts
     D:2: 543 daAuts
     D:3: 395 daAuts
